 Dungeon Crawl Stone Soup version 0.21.0 (webtiles) character file.

329 tidbits the Sneak (level 6, 8/24 HPs)
             Began as a Felid Air Elementalist on Jan 7, 2018.
             Quit the game on level 3 of the Dungeon.
             The game lasted 00:11:48 (1275 turns).

tidbits the Sneak (Felid Air Elementalist)          Turns: 1275, Time: 00:11:49

Health: 8/24       AC:  2    Str:  6    XL:     6   Next: 25%
Magic:  10/10      EV: 18    Int: 17    God:
Gold:   180        SH:  0    Dex: 16    Spells: 6/9 levels left
                                        Lives:  0   Deaths: 1

rFire    . . .     SeeInvis +     - Unarmed
rCold    . . .     Gourm    .   (shield unavailable)
rNeg     . . .     Faith    .   (armour unavailable)
rPois    .         Spirit   .   (helmet unavailable)
rElec    .         Reflect  .   (cloak unavailable)
rCorr    .         Harm     .   (gloves unavailable)
MR       +....                  (boots unavailable)
Stlth    ++++......             (no amulet)
HPRegen  0.08/turn              i - ring of protection from magic
MPRegen  0.12/turn              (no ring)

@: quick
A: very small, no armour, no weapons or thrown items, stealth, claws 1, fangs 3,
see invisible, carnivore, speed 1, shaggy fur 2, slow metabolism 1, sharp paws
a: no special abilities


You were on level 3 of the Dungeon.
You were not hungry.

You visited 1 branch of the dungeon, and saw 4 of its levels.

You collected 180 gold pieces.

Inventory:

Jewellery
 e - an uncursed ring of ice
   (You found it on level 1 of the Dungeon)
 i - a ring of protection from magic (left paw)
   (You found it on level 3 of the Dungeon)
Scrolls
 c - a scroll of enchant weapon {unknown}
 d - a scroll of identify {unknown}
 f - a scroll of noise {unknown}
 g - a scroll of random uselessness {unknown}
 h - a scroll of amnesia {unknown}
 j - a scroll of enchant armour {unknown}
 k - a scroll of remove curse
Potions
 l - a potion of lignification
Books
 a - a book of Air

   Spells                             Type                      Level
   a - Shock                          Conjuration/Air              1
   b - Swiftness                      Charms/Air                   2
   c - Static Discharge               Conjuration/Air              3
   d - Airstrike                      Air                          4
   e - Lightning Bolt                 Conjuration/Air              5
Comestibles
 b - 5 rations


   Skills:
 - Level 2.6 Dodging
 + Level 7.6 Stealth
 + Level 4.7 Unarmed Combat
 - Level 2.0 Spellcasting
 - Level 0.8 Conjurations
 - Level 2.6 Air Magic


You had 6 spell levels left.
You knew the following spells:

 Your Spells              Type           Power        Failure   Level  Hunger
a - Shock                 Conj/Air       #...         10%         1    #......
W - Swiftness             Chrm/Air       #.......     17%         2    ###....


Dungeon Overview and Level Annotations

Branches:
Dungeon (4/15)
 Temple: D:4-7

Altars:
Okawaru


Innate Abilities, Weirdness & Mutations

You cannot wear armour.
You are incapable of wielding weapons or throwing items.
Your paws allow you to move quietly. (Stealth)
You have sharp claws.
You have razor-sharp teeth.
You have supernaturally acute eyesight. (SInv)
You are carnivorous and can eat meat at any time.
You cover ground quickly.
You are covered in thick fur. (AC +2)
You have a slow metabolism.
Your sharp claws are effective at attacking unaware monsters.


Message History

You feel less wooden.
Wield which item (- for none, * to show all)? (? for menu, Esc to quit)
Your mouth is now empty.
Things that are here:
a dagger; a robe; an orc corpse
Things that are here:
a dagger; a robe
Things that are here:
a hand axe of pain; a chain mail
Things that are here:
a dagger; a robe You see here a scale mail.
You feel a little less clever now.
A worker ant comes into view.
A worker ant is nearby!
Found 22 stones.
You open the door.
Found 14 gold pieces.
Found 8 gold pieces.
Found 4 gold pieces.
You now have 156 gold pieces (gained 14).
You now have 160 gold pieces (gained 4).
Found a rapier.
You now have 168 gold pieces (gained 8).
You see here a rapier.
You see here a rapier.
A leopard gecko comes into view.
A leopard gecko is nearby!
You enter a teleport trap!
The teleport trap disappears.
Your surroundings suddenly seem different.
An orc, an orc priest and an ogre come into view.
Found a short sword.
Found a stone staircase leading up.
You pounce on the unaware helpless ogre!
You mangle the ogre!!
You kill the ogre!
You have reached level 6!
Your experience leads to an increase in your attributes!
Increase (S)trength, (I)ntelligence, or (D)exterity?
You feel stronger.
Your fur grows into a thick mane.
The orc priest shouts!
The orc shouts!
An orc priest comes into view.
The orc priest shouts!
A sky beast comes into view.
The orc completely misses you.
Things that are here:
a giant club; an ogre corpse
Found a scroll labeled DIMOLU VAOCKE.
There is a stone staircase leading up here.
You climb upwards.
A bat, a hobgoblin and an orc come into view.
There is a stone staircase leading down here.
You open the door.
There is an open door here.
A hobgoblin comes into view. It is wielding a club.
A giant cockroach comes into view.
Found a glowing tourmaline ring.
Found 12 gold pieces.
i - a glowing tourmaline ring
There are no items here.
Casting: Shock
Confirm with . or Enter, or press ? or * to list all spells.
You don't know that spell.
Put on which piece of jewellery? (? for menu, Esc to quit)
i - a ring of protection from magic (left paw)
The hobgoblin shouts!
You scratch the hobgoblin.
The hobgoblin is heavily wounded.
The hobgoblin hits you with a club.
* * * LOW HITPOINT WARNING * * *
You claw the hobgoblin!
You kill the hobgoblin!
The giant cockroach closely misses you.
Found 12 poisoned needles.
Found an escape hatch in the ceiling.
You see here a club.
You barely miss the giant cockroach.
The giant cockroach closely misses you. x2
You closely miss the giant cockroach. The giant cockroach barely misses you.
You scratch the giant cockroach.
The giant cockroach is heavily wounded.
The giant cockroach misses you.
You barely miss the giant cockroach.
The giant cockroach is heavily wounded.
The giant cockroach barely misses you.
You scratch the giant cockroach.
You kill the giant cockroach!
You see here a giant cockroach corpse.
Found 31 stones.
You now have 180 gold pieces (gained 12).
You see here 12 arrows.
A bat comes into view.
The bat moves out of view.
An adder comes into view.
Found an iron altar of Okawaru.
The adder hisses angrily.
The bat hits you.
* * * LOW HITPOINT WARNING * * *
The adder moves out of view.
The bat closely misses you.
You scratch the bat but do no damage. The bat closely misses you.
Are you sure you want to abandon this character and quit the game? (Confirm with "yes".)

.....# #...#.......Z..#
.....###...#..............
#......#...##############.
'......#..%.........###
#......#..............
#......#..........#.♣.♣
....####...............
....# #.<...b.♣.♣.♣.
....#######.....@S..._..
..................♣.♣.♣.
##.........(#####.....
##..........#### .#.♣ ♣
##...)................
##...†........(.....###
.....................
....................#
..................


You could see an adder and a bat.

Vanquished Creatures
  Sigmund (D:2)
  An ogre (D:4)
  A hound (D:4)
  2 orc wizards (D:4)
  Robin (D:2)
  4 adders
  An ooze (D:3)
  2 worms (D:3)
  A dart slug (D:1)
  A leopard gecko (D:4)
  3 orcs
  5 giant cockroaches
  15 goblins
  5 hobgoblins
  5 kobolds (D:1)
  A quokka (D:3)
  2 ball pythons
  11 bats
  3 frilled lizards
  2 rats (D:1)
67 creatures vanquished.

Notes
Turn   | Place    | Note
-------+----------+-------------------------------------------
     0 | D:1      | tidbits the Felid Air Elementalist began the quest for the Orb.
     0 | D:1      | Reached XP level 1. HP: 7/7 MP: 4/4
    95 | D:1      | Reached skill level 3 in Stealth
   168 | D:1      | Reached skill level 1 in Unarmed Combat
   218 | D:1      | Reached XP level 2. HP: 10/11 MP: 4/6
   222 | D:1      | Learned a level 2 spell: Swiftness
   441 | D:2      | Reached skill level 4 in Stealth
   449 | D:2      | Noticed Sigmund
   459 | D:2      | Killed Sigmund
   459 | D:2      | Reached skill level 5 in Stealth
   459 | D:2      | Reached skill level 3 in Unarmed Combat
   459 | D:2      | Reached XP level 3. HP: 10/14 MP: 7/7
   459 | D:2      | Reached XP level 4. HP: 14/18 MP: 8/8
   459 | D:2      | Reached XP level 5. HP: 16/21 MP: 9/9
   461 | D:2      | Reached skill level 6 in Stealth
   661 | D:2      | Noticed Robin
   687 | D:2      | Killed Robin
   855 | D:3      | Slain by a bullfrog zombie
   856 | D:3      | Reached XP level 4. HP: -1/18 MP: 8/8
  1004 | D:2      | Reached skill level 4 in Unarmed Combat
  1004 | D:2      | Reached XP level 5. HP: 20/21 MP: 4/9
  1116 | D:4      | Reached skill level 7 in Stealth
  1224 | D:4      | Noticed an ogre
  1225 | D:4      | Killed an ogre
  1225 | D:4      | Gained mutation: You are covered in thick fur. (AC +2) [Felid growth]
  1225 | D:4      | Reached XP level 6. HP: 10/24 MP: 10/10
  1226 | D:4      | Noticed a sky beast
  1271 | D:3      | Found an iron altar of Okawaru.
  1275 | D:3      | Quit the game

Skill      XL: |  1  2  3  4  5 |
---------------+----------------+-----
Stealth        | 3 5 7 |  7.6
Unarmed Combat | 1 3 4 |  4.7
Dodging        | |  2.6
Spellcasting   | |  2.0
Conjurations   | |  0.8
Air Magic      | |  2.6

Action                   |  1- 3 |  4- 6 || total
-------------------------+-------+-------++-------
Melee: Unarmed           |    24 |    91 ||   115
       Bite              |     2 |     6 ||     8
 Cast: Shock             |    14 |    33 ||    47
  Use: Potion            |     1 |     4 ||     5
       Scroll            |       |     1 ||     1
 Stab: Sleeping          |     5 |     9 ||    14
  Eat: Chunk             |       |     8 ||     8
Armor: Skin              |       |    24 ||    24
Dodge: Dodged            |    33 |    65 ||    98

Table legend:
 A = Turns spent in this place as a percentage of turns spent in the entire game.
 B = Non-inter-level travel turns spent in this place as a percentage of non-inter-level travel turns spent in the entire game.
 C = Inter-level travel turns spent in this place as a percentage of turns spent in this place.
 D = Turns resting spent in this place as a percentage of non-inter-level travel turns spent in this place.
 E = Turns spent auto-exploring this place as a percentage of non-inter-level travel turns spent in this place.
 F = Non-inter-level travel turns spent in this place divided by the number of levels of this place that you've seen.
                   A       B       C       D       E      F
               +-------+-------+-------+-------+-------+----------------------
         Total | 100.0 | 100.0 |   2.6 |   0.0 |   0.6 | 310.5
       Dungeon | 100.0 | 100.0 |   2.6 |   0.0 |   0.6 | 310.5
               +-------+-------+-------+-------+-------+----------------------

Table legend:
 A = Kills in this place as a percentage of kills in entire the game.
 B = Kills by you in this place as a percentage of kills by you in the entire game.
 C = Kills by friends in this place as a percentage of kills by friends in the entire game.
 D = Other kills in this place as a percentage of other kills in the entire game.
 E = Experience gained in this place as a percentage of experience gained in the entire game.
 F = Experience gained in this place divided by the number of levels of this place that you have seen.
                   A       B       C       D       E      F
               +-------+-------+-------+-------+-------+----------------------
         Total | 100.0 | 100.0 |   N/A |   N/A | 100.0 | 160.5
       Dungeon | 100.0 | 100.0 |   N/A |   N/A | 100.0 | 160.5
               +-------+-------+-------+-------+-------+----------------------

Vault maps used:
D:1:      evilmike_arrival_fibonacci_small, minmay_misc_feat_columns
D:2:      uniq_sigmund, uniq_robin
D:3:      first_ration, minmay_misc_feat_plants, okawaru_trees_1
D:4:      minmay_misc_feat_tower, grunt_ministairs_9, grunt_decor_arrowhead
